[Event "Late-Titled-Tuesday-Blitz-June-25-2024"]
[Site "Chess.com"]
[Date "2024.06.25"]
[Round "3"]
[White "Statham_01"]
[Black "jup1978"]
[Result "1-0"]
[WhiteElo "2712"]
[BlackElo "2479"]
[TimeControl "180+1"]
[EndTime "14:25:20 PDT"]
[Termination "Statham_01 won by resignation"]

1. e4 c6 2. d4 d5 3. f3 e6 4. Nc3 Nf6 5. e5 Nfd7 6. f4 c5 7. Nf3 Nc6 8. Be3 cxd4 9. Nxd4 Qb6 10. Ncb5 Nxd4 11. Bxd4 Bc5 12. Nd6+ Ke7 13. Bxc5 Qxc5 14. Qh5 Rf8 15. Qg5+ f6 16. Qxg7+ Kd8 17. O-O-O Qe3+ 18.
Kb1 Qxf4 19. Bb5 Qg5 20. Nxb7+ Kc7 21. Qe7 Bxb7 22. Qd6+ Kc8 23. Bxd7+ Kd8 24. Bxe6+ 1-0

[Event "Late-Titled-Tuesday-Blitz-June-25-2024"]
[Site "Chess.com"]
[Date "2024.06.25"]
[Round "3"]
[White "harshu27"]
[Black "th3d4rkness"]
[Result "1-0"]
[WhiteElo "2547"]
[BlackElo "2260"]
[TimeControl "180+1"]
[EndTime "14:25:20 PDT"]
[Termination "harshu27 won by resignation"]

1. d4 Nf6 2. Bf4 e6 3. Nf3 Bd6 4. Bxd6 cxd6 5. Nc3 d5 6. e3 d6 7. Be2 O-O 8. O-O b6 9. a4 Ba6 10. Nb5 Ne4 11. Nd2 f5 12. c4 dxc4 13. Nxc4 Bxb5 14.
axb5 Nd7 15. f3 d5 16. fxe4 dxc4 17. Bxc4 Kh8 18. Bxe6 fxe4 19. Bd5 Rxf1+ 20. Qxf1 Rc8 21. Bxe4 Nf6 22. Bc6 Qe7 23. Qd3 h6 24. e4 Rd8 25. e5 Ng4 26. Re1 Qh4 27. Qg3 Qxg3 28. hxg3 Rxd4 29. e6 Nf6 30. Rf1 Rd2 31. Rxf6 gxf6 32.
e7 Re2 33. e8=Q+ 1-0

[Event "Late-Titled-Tuesday-Blitz-June-25-2024"]
[Site "Chess.com"]
[Date "2024.06.25"]
[Round "3"]
[White "KnightmareJoker"]
[Black "Flaccidmoves"]
[Result "0-1"]
[WhiteElo "2287"]
[BlackElo "2539"]
[TimeControl "180+1"]
[EndTime "14:25:20 PDT"]
[Termination "Flaccidmoves won by resignation"]

1. e4 Nf6 2. e5 Nd5 3. d4 d6 4. c4 Nb6 5. exd6 cxd6 6. Nc3 g6 7. Nf3 Bg7 8. Be3 O-O 9. Be2 Nc6 10. O-O Bg4 11.
b3 d5 12. c5 Nc8 13. h3 Bxf3 14. Bxf3 e6 15. a3 N8e7 16. b4 Nf5 17. b5 Ncxd4 18. Bxd4 Nxd4 19. Qd3 Rc8 20. Na4 Nxf3+ 21. Qxf3 Bxa1 22.
Rxa1 e5 23. Rd1 d4 24. Qb3 Qe7 25. Re1 Rfe8 26. f4 e4 27. Qc4 d3 28. Nc3 Qxc5+ 29. Qxc5 Rxc5 30. Rxe4 Rd8 31. Nd1 Rc1 32. Re1 d2 33.
Rf1 Re8 34. Kf2 f5 35. a4 b6 36. g3 h6 37. g4 fxg4 38. hxg4 Kg7 39. f5 gxf5 40.
gxf5 Kf6 41. a5 bxa5 42. Rh1 Re1 43. Rxe1 dxe1=Q+ 44.
Kxe1 h5 45. Ke2 Rxd1 46. Kxd1 a4 0-1

[Event "Late-Titled-Tuesday-Blitz-June-25-2024"]
[Site "Chess.com"]
[Date "2024.06.25"]
[Round "3"]
[White "JiangoFett"]
[Black "Duhless"]
[Result "0-1"]
[WhiteElo "2522"]
[BlackElo "3097"]
[TimeControl "180+1"]
[EndTime "14:25:24 PDT"]
[Termination "Duhless won by resignation"]

1. c4 b6 2. Nc3 c5 3. Nf3 Bb7 4. g3 Bxf3 5. exf3 Nc6 6. Bg2 g6 7. O-O Bg7 8. f4 Nh6 9. Re1 Nf5 10. d3 O-O 11. Nd5 e6 12. Ne3 Nfd4 13. Rb1 Rb8 14. a3 b5 15. cxb5 Rxb5 16. Bd2 d5 17. Bc3 Qc7 18. Qa4 Rfb8 19. Rbc1 Nb3 20. Bxg7 Kxg7 21.
Rcd1 Ncd4 22. f5 gxf5 23. Bxd5 exd5 24. Nxd5 Qb7 25. Qc4 Na5 26. Re7 Nxc4 27. Rxb7 R5xb7 28. dxc4 Rxb2 0-1

[Event "Late-Titled-Tuesday-Blitz-June-25-2024"]
[Site "Chess.com"]
[Date "2024.06.25"]
[Round "3"]
[White "FairChess_on_YouTube"]
[Black "NikitaShnadrygin"]
[Result "1-0"]
[WhiteElo "3091"]
[BlackElo "2732"]
[TimeControl "180+1"]
[EndTime "14:25:26 PDT"]
[Termination "FairChess_on_YouTube won by resignation"]

1. d4 d5 2. c4 Nc6 3. Nc3 dxc4 4. d5 Ne5 5. Nf3 Nxf3+ 6. exf3 e5 7. Bxc4 Bd6 8. O-O Nf6 9. Bg5 h6 10. Bb5+ Kf8 11. Bxf6 gxf6 12. Ne4 Bf5 13. Bd3 Bxe4 14. Bxe4 Qe7 15. Rc1 Rg8 16. Qd3 f5 17. Bxf5 Qh4 18. g3 Qg5 19. Rc4 Re8 20. Rg4 Qf6 21. Qe4 Rg5 22. Rxg5 hxg5 23. Kg2 Kg7 24. Qg4 Kf8 25.
Rc1 e4 26. fxe4 Qxb2 27. Qxg5 Qxa2 28. Qh6+ Ke7 29. Qg5+ Kf8 30. Rc3 Qb2 31. Qh6+ Ke7 32. Qh4+ Kf8 33. Qh8+ 1-0

[Event "Late-Titled-Tuesday-Blitz-June-25-2024"]
[Site "Chess.com"]
[Date "2024.06.25"]
[Round "3"]
[White "dolynachess"]
[Black "tarno17"]
[Result "1-0"]
[WhiteElo "2529"]
[BlackElo "2181"]
[TimeControl "180+1"]
[EndTime "14:25:27 PDT"]
[Termination "dolynachess won by resignation"]

1. d4 d5 2. c4 e6 3. Nf3 Nf6 4.
g3 Be7 5. Bg2 O-O 6. O-O b6 7.
Nc3 c6 8. Qd3 Ba6 9. b3 Nbd7 10.
a4 Rc8 11. Rd1 c5 12. Nb5 Bxb5 13. axb5 cxd4 14. Nxd4 dxc4 15. bxc4 Ne5 16. Qb3 Qc7 17. Bf4 Bd6 18. Nc6 Ra8 19. Rxd6 Qxd6 20. Bxe5 Qd2 21. Bxf6 gxf6 22. Ne7+ Kh8 23. Bxa8 Rxa8 24. Qf3 1-0

[Event "Late-Titled-Tuesday-Blitz-June-25-2024"]
[Site "Chess.com"]
[Date "2024.06.25"]
[Round "3"]
[White "lluiss"]
[Black "szachmistrz2500"]
[Result "1-0"]
[WhiteElo "2251"]
[BlackElo "2457"]
[TimeControl "180+1"]
[EndTime "14:25:28 PDT"]
[Termination "lluiss won by resignation"]

1. Nf3 c5 2. c4 g6 3. d4 cxd4 4.
Nxd4 Bg7 5. e4 Nc6 6. Be3 Nf6 7. Nc3 Nxd4 8. Bxd4 d6 9. Be2 O-O 10. O-O a5 11. f3 Be6 12. Qd2 Nd7 13. Be3 a4 14.
Rfd1 a3 15. b3 Qa5 16. Rac1 Nc5 17. Nd5 Bxd5 18. b4 Nxe4 19. fxe4 Qd8 20. cxd5 Bb2 21. Rc2 Qd7 22. Rxb2 axb2 23. Qxb2 Qa4 24. Bh6 f6 25. Bxf8 Kxf8 26. Qb3 Qxa2 27. Qxa2 Rxa2 28. Bf1 Rb2 29. b5 f5 30. exf5 gxf5 31. Rc1 Rd2 32. Rc8+ Kg7 33. Rc7 Kf6 34. Rxb7 Rxd5 35. Rb8 Rd1 36. b6 Rb1 37. b7 Ke5 38. Kf2 Rb2+ 39. Kg3 Rb3+ 40. Kh4 Rb1 41. Ba6 1-0

[Event "Late-Titled-Tuesday-Blitz-June-25-2024"]
[Site "Chess.com"]
[Date "2024.06.25"]
[Round "3"]
[White "zajka-molotok"]
[Black "Chessgod9oninsta"]
[Result "1-0"]
[WhiteElo "2539"]
[BlackElo "2727"]
[TimeControl "180+1"]
[EndTime "14:25:31 PDT"]
[Termination "zajka-molotok won by checkmate"]

1. e4 e5 2. Nf3 Nc6 3. Nc3 Nf6 4. Bb5 Bb4 5. O-O O-O 6. Bxc6 dxc6 7. d3 Re8 8. Ne2 Bg4 9. Ng3 Bd6 10. h3 Bd7 11. Nh4 Nxe4 12. Nxe4 Qxh4 13. Bg5 Qxe4 14. dxe4 f6 15. Be3 Be6 16. Qe2 Rad8 17. Rfd1 c5 18. b3 a5 19. Rd2 b6 20. Rad1 Kf7 21. Qb5 Bd7 22. Qa6 Bc8 23. Qe2 Be6 24. h4 Rd7 25. Qh5+ Kf8 26. Qxh7 Bg8 27. Qf5 Be6 28. Qf3 Red8 29. h5 Ke7 30. h6 gxh6 31. Bxh6 Rg8 32.
Qe3 Kd8 33. f4 Rh7 34. fxe5 fxe5 35. Rxd6+ cxd6 36. Rxd6+ Ke7 37. Rxb6 Rg6 38. Qxc5+ Kf7 39. Qf8# 1-0

[Event "Late-Titled-Tuesday-Blitz-June-25-2024"]
[Site "Chess.com"]
[Date "2024.06.25"]
[Round "3"]
[White "jaramsdal"]
[Black "Puzzlebot_1294"]
[Result "0-1"]
[WhiteElo "2436"]
[BlackElo "2634"]
[TimeControl "180+1"]
[EndTime "14:25:31 PDT"]
[Termination "Puzzlebot_1294 won on time"]

1. e4 e5 2. Nf3 Nc6 3. d4 exd4 4. c3 dxc3 5. Bc4 d6 6. O-O Nf6 7. Nxc3 Be7 8. Re1 O-O 9. Bf4 Bg4 10. h3 Bh5 11. g4 Bg6 12. Qe2 Nd7 13. Rad1 Bf6 14.
Nd5 Re8 15. Qd2 Bxe4 16. Rxe4 Rxe4 17. Nxc7 Rxc4 18. Qxd6 Rc8 19. Bg3 Nb6 20. Qxd8+ Rxd8 21. Rxd8+ Bxd8 0-1

[Event "Late-Titled-Tuesday-Blitz-June-25-2024"]
[Site "Chess.com"]
[Date "2024.06.25"]
[Round "3"]
[White "ccccvhhhj"]
[Black "Yaacovn"]
[Result "0-1"]
[WhiteElo "2464"]
[BlackElo "2687"]
[TimeControl "180+1"]
[EndTime "14:25:34 PDT"]
[Termination "Yaacovn won by checkmate"]

1. e4 c6 2. d4 d5 3. exd5 cxd5 4.
c4 Nf6 5. Nc3 e6 6. Nf3 Be7 7.
cxd5 Nxd5 8. Bd3 O-O 9. O-O Nf6 10. a3 Nc6 11. Bg5 b6 12. Rc1 Bb7 13. Bb1 Qd6 14.
Qd3 g6 15. Rfe1 Rad8 16. Rcd1 Ng4 17. Bxe7 Nxe7 18. Ne4 Bxe4 19. Qxe4 Nf6 20. Qh4 Kg7 21. Ne5 Nc6 22. Nf3 h6 23. Ba2 Ne7 24. Ne5 Nf5 25. Qf4 Nxd4 26. Kh1 Ne2 27. Rxd6 Nxf4 28. Red1 Rxd6 29. Rxd6 Rc8 30. h3 Rc1+ 31. Kh2 Rc2 32. Bc4 Rxf2 33. b3 Rxg2+ 34. Kh1 Ne4 35. Rd7 Ng3# 0-1

[Event "Late-Titled-Tuesday-Blitz-June-25-2024"]
[Site "Chess.com"]
[Date "2024.06.25"]
[Round "3"]
[White "LoonsDeKoeben"]
[Black "rhungaski"]
[Result "0-1"]
[WhiteElo "2429"]
[BlackElo "2623"]
[TimeControl "180+1"]
[EndTime "14:25:41 PDT"]
[Termination "rhungaski won by resignation"]

1. e4 d6 2. d4 Nf6 3. Nc3 Nbd7 4.
Nf3 e5 5. Rg1 c6 6. g4 g6 7. Be3 Qa5 8. Qd2 Bg7 9. g5 Nh5 10.
Ne2 Qxd2+ 11. Nxd2 O-O 12. c3 Re8 13. O-O-O b5 14. f4 Nb6 15. Kc2 Bb7 16. Kd3 exd4 17. cxd4 Rad8 18. Ng3 Nxg3 19. hxg3 c5 20. Nf3 Bxe4+ 21.
Ke2 Nd5 0-1

[Event "Late-Titled-Tuesday-Blitz-June-25-2024"]
[Site "Chess.com"]
[Date "2024.06.25"]
[Round "3"]
[White "vi_pranav"]
[Black "GoltsevDmitry2000"]
[Result "1-0"]
[WhiteElo "3046"]
[BlackElo "2708"]
[TimeControl "180+1"]
[EndTime "14:25:42 PDT"]
[Termination "vi_pranav won by checkmate"]

1. Nf3 d5 2. g3 c6 3. Bg2 Nd7 4. d4 g6 5. O-O Bg7 6. c4 dxc4 7. Na3 Ngf6 8. Nxc4 O-O 9. Bf4 Nd5 10. Bd2 N7f6 11. Nfe5 Bf5 12. Rc1 Ne4 13. Ba5 b6 14. Be1 Bh6 15.
e3 b5 16. Nxc6 Qc7 17. N4e5 Nxe3 18. fxe3 Bxe3+ 19. Kh1 Bxc1 20. Qxc1 f6 21. Nf3 Rfd8 22. Ba5 Nxg3+ 23. hxg3 Qxg3 24. Bxd8 Bh3 25. Bxh3 Qxh3+ 26. Nh2 Qd7 27. Nxe7+ Kf7 28. Nc6 Qd5+ 29. Kg1 Rc8 30. Rxf6+ Kg7 31. Ng4 Rxc6 32. Qh6+ Kg8 33. Rf8# 1-0

[Event "Late-Titled-Tuesday-Blitz-June-25-2024"]
[Site "Chess.com"]
[Date "2024.06.25"]
[Round "3"]
[White "talaicito"]
[Black "DanylaBagrov"]
[Result "0-1"]
[WhiteElo "2361"]
[BlackElo "2593"]
[TimeControl "180+1"]
[EndTime "14:25:42 PDT"]
[Termination "DanylaBagrov won by resignation"]

1. d4 d6 2. e4 Nf6 3. Nc3 e5 4.
f4 exd4 5. Qxd4 Nc6 6. Qd2 d5 7. exd5 Nb4 8. Bc4 Bf5 9. Bb3 Bc5 10. a3 Na6 11. Qe2+ Be7 12. Be3 O-O 13. O-O-O Nc5 14. Ba2 Nce4 15. Nxe4 Bxe4 16. Nf3 Re8 17. Rhg1 Ng4 18.
Ne5 Nxe3 19. Qxe3 Bg6 20. f5 Bg5 21. fxg6 Bxe3+ 22. Kb1 Rxe5 23. gxf7+ Kf8 24. Rge1 Qd6 0-1

[Event "Late-Titled-Tuesday-Blitz-June-25-2024"]
[Site "Chess.com"]
[Date "2024.06.25"]
[Round "3"]
[White "LUISMIGUELOV"]
[Black "HeroWilczek"]
[Result "0-1"]
[WhiteElo "2221"]
[BlackElo "2462"]
[TimeControl "180+1"]
[EndTime "14:25:54 PDT"]
[Termination "HeroWilczek won by resignation"]

1. d4 d6 2. c3 g6 3. Bg5 Bg7 4.
h4 h6 5. Bf4 Nd7 6. Nf3 e5 7.
dxe5 dxe5 8. Bg3 c6 9. h5 g5 10. e4 Ne7 11. Bc4 O-O 12. b4 a5 13. a3 axb4 14. cxb4 Qc7 15. Nc3 Rd8 16. Qe2 Nf8 17.
Nd2 Be6 18. Bxe6 Nxe6 19. Nf3 Nf4 20. Bxf4 exf4 21. Rc1 Rxa3 22. Nd5 Nxd5 23. exd5 Bc3+ 24. Kf1 cxd5 25. Nxg5 hxg5 26. Qg4 Qe7 27. h6 Ra1 28. h7+ Kh8 29. Rxa1 Bxa1 30. Rh5 Bf6 31. g3 fxg3 32.
Qxg3 d4 33. Qd3 Re8 34. Rh6 Bg7 35. Rb6 Qe1+ 36. Kg2 Qe4+ 37. Qxe4 Rxe4 38. Rxb7 d3 39. Rd7 Rd4 40. Rxd4 Bxd4 41. Kf3 f5 42. b5 Kxh7 0-1

[Event "Late-Titled-Tuesday-Blitz-June-25-2024"]
[Site "Chess.com"]
[Date "2024.06.25"]
[Round "3"]
[White "AlexeiShirov"]
[Black "smallbaba"]
[Result "1-0"]
[WhiteElo "2863"]
[BlackElo "2602"]
[TimeControl "180+1"]
[EndTime "14:25:55 PDT"]
[Termination "AlexeiShirov won by resignation"]

1. e4 c5 2. Nf3 d6 3. d4 cxd4 4. Nxd4 Nf6 5. Nc3 g6 6. Be3 Nc6 7. f3 h5 8. h3 Bg7 9. Qd2 O-O 10. g4 Qa5 11. Nb3 Qd8 12. O-O-O a5 13. a4 Be6 14.
Nd4 Nxd4 15. Bxd4 Rc8 16. Kb1 Bc4 17. g5 Ne8 18. Bxc4 Rxc4 19. Bxg7 Nxg7 20. b3 Rc5 21. Nd5 b5 22. axb5 Rxb5 23. f4 Qd7 24. f5 Rfb8 25. f6 Ne6 26. fxe7 Qb7 27. Qc3 Rxd5 28. exd5 Nc5 29. Rhe1 Re8 30. Qxa5 Rxe7 31.
Qd8+ Kg7 32. Qxe7 Nxb3 33. Qxb7 1-0

[Event "Late-Titled-Tuesday-Blitz-June-25-2024"]
[Site "Chess.com"]
[Date "2024.06.25"]
[Round "3"]
[White "DryCounty"]
[Black "OppieZippy"]
[Result "1-0"]
[WhiteElo "2654"]
[BlackElo "2348"]
[TimeControl "180+1"]
[EndTime "14:25:55 PDT"]
[Termination "DryCounty won by resignation"]

1. e4 Nf6 2. e5 Nd5 3. d4 d6 4. c4 Nb6 5. exd6 exd6 6. Nc3 Be7 7. Bd3 O-O 8. Be3 Bf6 9. Nf3 Bg4 10. O-O Re8 11. h3 Bh5 12. b3 Nc6 13. g4 Bg6 14.
Bxg6 hxg6 15. Qd3 d5 16. c5 Nc8 17. Rae1 Qd7 18. Bf4 Rxe1 19. Rxe1 Bd8 20. Qb5 Rb8 21. Ne5 Nxe5 22. Qxd7 Nxd7 23. Re8+ Kh7 24. Rxd8 Nf6 25.
Bxc7 Ra8 26. Be5 Nb6 27. Rxa8 Nxa8 28. Bxf6 gxf6 29. Nxd5 Kg7 30. f4 f5 31. g5 Kf8 32.
Kf2 Ke8 33. Ke3 Kd7 34. Kd3 Kc6 35. Nf6 Nc7 36. Kc4 b5+ 37. cxb6 axb6 38. d5+ Kd6 39. a4 b5+ 40. axb5 Na8 41. Kb4 Nb6 42. Ka5 Kc5 43. b4+ 1-0

[Event "Late-Titled-Tuesday-Blitz-June-25-2024"]
[Site "Chess.com"]
[Date "2024.06.25"]
[Round "3"]
[White "burbur555"]
[Black "BilodeauA"]
[Result "0-1"]
[WhiteElo "2700"]
[BlackElo "2999"]
[TimeControl "180+1"]
[EndTime "14:25:57 PDT"]
[Termination "BilodeauA won by resignation"]

1. d4 d5 2. Nf3 Nf6 3. c4 dxc4 4. e3 Bg4 5. Bxc4 e6 6. Nbd2 a6 7. Qb3 b5 8. Be2 c5 9. a4 c4 10. Qc2 Nc6 11. O-O Nb4 12. Qb1 Be7 13. Re1 O-O 14.
Ne5 Bf5 15. e4 Nxe4 16. Nxe4 Qxd4 17. Bf3 Qxe5 18. Bd2 Rad8 19. Bc3 Qf4 20. axb5 axb5 21. Qc1 Qxc1 22. Rexc1 Nd3 23. Rd1 b4 0-1

[Event "Late-Titled-Tuesday-Blitz-June-25-2024"]
[Site "Chess.com"]
[Date "2024.06.25"]
[Round "3"]
[White "GoValya"]
[Black "ShimogaTactician"]
[Result "0-1"]
[WhiteElo "2211"]
[BlackElo "2533"]
[TimeControl "180+1"]
[EndTime "14:26:00 PDT"]
[Termination "ShimogaTactician won by resignation"]

1. Nf3 Nf6 2. d4 e6 3. g3 b5 4. Bg2 d5 5. O-O Nbd7 6. a4 b4 7. c4 bxc3 8. Nxc3 Bb7 9. Bf4 Bd6 10. Bxd6 cxd6 11. Nb5 Qb6 12. Rc1 Ke7 13. e3 a6 14.
Nc3 Rhc8 15. Qd2 Rab8 16. Ng5 h6 17. Nh3 Bc6 18. f4 Qxb2 19. Rc2 Qb3 20. Rb1 Qa3 21.
Rxb8 Rxb8 22. Ra2 Qb4 23. Nf2 Nb6 24. Nd3 Qc4 25. Rc2 Qb3 26. f5 Nc4 27. Qf2 Bxa4 28. Nxa4 Qxd3 29. Bf1 Rb1 30. Nb2 Qxf1+ 31. Qxf1 Rxf1+ 32. Kxf1 Nxe3+ 33. Ke2 Nxc2 34. Kd2 Nxd4 35. Kd3 Nxf5 0-1

[Event "Late-Titled-Tuesday-Blitz-June-25-2024"]
[Site "Chess.com"]
[Date "2024.06.25"]
[Round "3"]
[White "LewAnatol"]
[Black "JackRodgers"]
[Result "0-1"]
[WhiteElo "2281"]
[BlackElo "2526"]
[TimeControl "180+1"]
[EndTime "14:26:04 PDT"]
[Termination "JackRodgers won on time"]

1. e4 c5 2. Nf3 g6 3. c4 Bg7 4. d4 cxd4 5. Nxd4 Nc6 6. Be3 Nf6 7. Nc3 Ng4 8. Qxg4 Nxd4 9. Qd1 e5 10. Bd3 d6 11. O-O Be6 12. Rc1 O-O 13. b3 a6 14.
Ne2 b5 15. Qd2 bxc4 16. Bxc4 d5 17. exd5 Bxd5 18. Bxd4 exd4 19. Rfd1 Bb7 20. Nxd4 Qh4 21. Qb4 Bxd4 22. Rxd4 Qg5 23. Qxb7 Qxc1+ 24. Bf1 Rad8 25. Rxd8 Rxd8 26. Qxa6 Qb2 0-1

[Event "Late-Titled-Tuesday-Blitz-June-25-2024"]
[Site "Chess.com"]
[Date "2024.06.25"]
[Round "3"]
[White "simplerXiao"]
[Black "IMRosen"]
[Result "0-1"]
[WhiteElo "2483"]
[BlackElo "2728"]
[TimeControl "180+1"]
[EndTime "14:26:06 PDT"]
[Termination "IMRosen won by checkmate"]

1. d4 d5 2. Bg5 f6 3. Bh4 Nh6 4. f3 Nf5 5. Bf2 Nd6 6. Nd2 Bf5 7. c4 e6 8. Qb3 Nxc4 9. Nxc4 dxc4 10. Qxc4 Qd5 11.
e4 Qa5+ 12. Kd1 Bg6 13. Qxe6+ Be7 14. Bc4 Nc6 15. Ne2 Rd8 16. Kc2 Nb4+ 17. Kb1 Rf8 18.
d5 Bf7 19. Qg4 f5 20. Qxg7 fxe4 21. fxe4 Bg6 22. Be1 Bxe4+ 23. Kc1 Qc5 24. Qc3 Nxd5 25. Bxd5 Rxd5 26. Rg1 Bg5+ 27. Bd2 Bxd2+ 28. Kd1 Bxc3+ 29.
Kc1 Bd2+ 30. Kd1 Qc2# 0-1

[Event "Late-Titled-Tuesday-Blitz-June-25-2024"]
[Site "Chess.com"]
[Date "2024.06.25"]
[Round "3"]
[White "Defenstrator"]
[Black "Navyblue1"]
[Result "1-0"]
[WhiteElo "2426"]
[BlackElo "2169"]
[TimeControl "180+1"]
[EndTime "14:26:08 PDT"]
[Termination "Defenstrator won by resignation"]

1. e4 c5 2. Nf3 d6 3. Bc4 Nf6 4. d4 cxd4 5. Nxd4 a6 6. Nc3 b5 7. Bd5 Nxd5 8. exd5 g6 9. O-O Bg7 10. Re1 O-O 11. Bg5 Ra7 12. a4 b4 13. Na2 h6 14.
Bh4 g5 15. Bg3 Qb6 16. c3 bxc3 17. bxc3 Qc5 18. Qd3 Rc7 19. Nb4 a5 20. Nbc6 Nxc6 21. Nxc6 Re8 22. Rac1 Bb7 23. Qb5 Qxb5 24. axb5 Rd7 25. c4 e5 26. Nxa5 f5 27. f3 Bf6 28.
Nc6 Bd8 29. Bf2 Ba5 30. Nxa5 1-0

[Event "Late-Titled-Tuesday-Blitz-June-25-2024"]
[Site "Chess.com"]
[Date "2024.06.25"]
[Round "3"]
[White "JuliaEfremova"]
[Black "Bilan_Danila"]
[Result "0-1"]
[WhiteElo "2313"]
[BlackElo "2624"]
[TimeControl "180+1"]
[EndTime "14:26:12 PDT"]
[Termination "Bilan_Danila won by resignation"]

1. e4 c6 2. d4 d5 3. exd5 cxd5 4.
Bd3 Nc6 5. c3 Qc7 6. h3 Nf6 7. Nf3 g6 8. O-O Bf5 9. Be2 e6 10. Be3 Bd6 11. a4 Ne4 12. g4 O-O-O 13. Na3 a6 14. gxf5 gxf5 15. Nd2 Rhg8+ 16. Kh1 f4 17. Nxe4 dxe4 18. Nc4 fxe3 19. Nxe3 f5 20. b4 Bf4 21. b5 Qg7 22. Rg1 Qh6 23. Bf1 Rxg1+ 24.
Kxg1 Rg8+ 25. Bg2 Qxh3 26. bxc6 Bxe3 27. cxb7+ Kb8 28. Qf1 Bf4 29. f3 Be3+ 0-1

[Event "Late-Titled-Tuesday-Blitz-June-25-2024"]
[Site "Chess.com"]
[Date "2024.06.25"]
[Round "3"]
[White "Winner_7777"]
[Black "Chessmissile07"]
[Result "0-1"]
[WhiteElo "2511"]
[BlackElo "2831"]
[TimeControl "180+1"]
[EndTime "14:26:14 PDT"]
[Termination "Chessmissile07 won by resignation"]

1. d4 a6 2. e4 d5 3. exd5 Qxd5 4. Nc3 Qd6 5. g3 Nf6 6. Bg2 g6 7. Nf3 Bg7 8. O-O O-O 9. Bf4 Qb6 10. Na4 Qa5 11.
c3 Nd5 12. Bd2 b5 13. Nc5 Qb6 14. Qb3 c6 15. Rfe1 Nd7 16. Nxd7 Bxd7 17. Ne5 Be6 18.
Bxd5 Bxd5 19. Qa3 Qc7 20. Bf4 Qb7 21. Nd3 e6 22. Be5 f6 23. Bd6 Rf7 24. Nc5 Qc8 25. b3 e5 26. Ne4 exd4 27. cxd4 Qh3 28. f3 f5 29. Ng5 Bxd4+ 30. Kh1 h6 0-1

[Event "Late-Titled-Tuesday-Blitz-June-25-2024"]
[Site "Chess.com"]
[Date "2024.06.25"]
[Round "3"]
[White "Sacbutt"]
[Black "esskeettit"]
[Result "1/2-1/2"]
[WhiteElo "2246"]
[BlackElo "2497"]
[TimeControl "180+1"]
[EndTime "14:26:14 PDT"]
[Termination "Game drawn by repetition"]

1. e4 c6 2. d4 d5 3. Nc3 dxe4 4. Nxe4 Nf6 5. Nxf6+ exf6 6. Nf3 Bd6 7. Bd3 O-O 8.
O-O Re8 9. h3 Nd7 10. b3 Nf8 11. Bb2 Bd7 12. c4 Rc8 13. Re1 Bb8 14. Rxe8 Qxe8 15.
Qc2 Ng6 16. Bf5 Bxf5 17. Qxf5 Rd8 18. Re1 Qf8 19. g3 h6 20. h4 Ne7 21. Qe4 Nc8 22.
d5 cxd5 23. cxd5 Nb6 24. Rd1 Qc5 25. Qg4 Rxd5 26. Rxd5 Nxd5 27. Bd4 Qd6 28. Qc8+ Kh7 29. Qxb7 a5 30. Qxf7 Nb4 31. h5 Nxa2 32. Qg6+ Kg8 33. Qe8+ Qf8 34. Qe6+ Qf7 35. Qc8+ Qf8 36. Qe6+ Qf7 37.
Qc8+ Qf8 38. Qe6+ 1/2-1/2

[Event "Late-Titled-Tuesday-Blitz-June-25-2024"]
[Site "Chess.com"]
[Date "2024.06.25"]
[Round "3"]
[White "MikeSailer"]
[Black "albayo"]
[Result "0-1"]
[WhiteElo "2034"]
[BlackElo "2402"]
[TimeControl "180+1"]
[EndTime "14:26:18 PDT"]
[Termination "albayo won on time"]

1. d4 Nf6 2. Nf3 g6 3. Bf4 Bg7 4. e3 O-O 5. Be2 d6 6. h3 Nbd7 7. O-O a6 8. c4 b6 9. Nc3 Bb7 10. a4 c5 11. a5 bxa5 12. d5 Rb8 13. Qa4 Bc8 14. Ra2 Rb4 15. Qc2 Nb6 16. Nd2 e6 17.
dxe6 Bxe6 18. b3 Nc8 19. Rfa1 d5 20. Rxa5 d4 21. exd4 cxd4 22. Nd5 Bxd5 23. cxd5 Nxd5 24. Rxd5 Qxd5 25. Bc4 d3 26. Bxd5 dxc2 27. Bd6 Bxa1 28. Bxb4 c1=Q+ 0-1

[Event "Late-Titled-Tuesday-Blitz-June-25-2024"]
[Site "Chess.com"]
[Date "2024.06.25"]
[Round "3"]
[White "Frankie_Badacsonyi"]
[Black "fin"]
[Result "1/2-1/2"]
[WhiteElo "2496"]
[BlackElo "2731"]
[TimeControl "180+1"]
[EndTime "14:26:19 PDT"]
[Termination "Game drawn by agreement"]

1. d4 f5 2. c4 Nf6 3. Nf3 e6 4. g3 Bb4+ 5. Bd2 Be7 6. Bg2 O-O 7. O-O d6 8. Nc3 Ne4 9. Qc2 Nxd2 10. Qxd2 Nc6 11. d5 Ne5 12. Nxe5 dxe5 13. Rfd1 e4 14. dxe6 Bxe6 15. b3 c6 16. e3 Bf6 17. Qc2 Qa5 18.
Rac1 Rad8 19. Ne2 Rxd1+ 20. Rxd1 Rd8 21. Rxd8+ Qxd8 22. Nf4 Bf7 23. h4 g6 24. Bf1 h6 25.
c5 g5 26. hxg5 hxg5 27. Ng2 Kg7 28. Bc4 Bxc4 29. Qxc4 Qd1+ 30. Kh2 Qd5 31. Qc2 a5 32. a3 Kg6 33. b4 axb4 34. axb4 Qd3 35. Qa2 Kg7 36.
Qe6 Kg6 1/2-1/2

[Event "Late-Titled-Tuesday-Blitz-June-25-2024"]
[Site "Chess.com"]
[Date "2024.06.25"]
[Round "3"]
[White "BlueWizzard"]
[Black "Walter_White_Poland"]
[Result "1-0"]
[WhiteElo "2928"]
[BlackElo "2418"]
[TimeControl "180+1"]
[EndTime "14:26:20 PDT"]
[Termination "BlueWizzard won on time"]

1. d4 d5 2. Nc3 e6 3. Nf3 Nf6 4. Bg5 Bb4 5. Qd3 h6 6. Bxf6 Qxf6 7. e4 dxe4 8. Qxe4 Qf5 9. Qxf5 exf5 10. O-O-O c6 11.
Bc4 Ke7 12. Ne5 Be6 13. Rhe1 Kf6 14. d5 cxd5 15. Bxd5 Bxc3 16. bxc3 Nc6 17. Nxc6 bxc6 18. Bxe6 fxe6 19. Rd6 Rhe8 20. Rxc6 Rac8 21. Rexe6+ Rxe6 22. Rxc8 Re2 23. c4 Rxf2 24. Rd8 Rxg2 25. Kb2 Ke7 26.
Rd3 Rxh2 27. c5 Rh5 28. Rd5 Rh4 29. Kb3 Ke6 30. Rd6+ Ke5 31. Rd8 a5 32. a3 a4+ 33.
Kc3 f4 34. c6 f3 35. c7 1-0

[Event "Late-Titled-Tuesday-Blitz-June-25-2024"]
[Site "Chess.com"]
[Date "2024.06.25"]
[Round "3"]
[White "Roedor"]
[Black "katharinareinecke"]
[Result "1-0"]
[WhiteElo "2403"]
[BlackElo "2038"]
[TimeControl "180+1"]
[EndTime "14:26:20 PDT"]
[Termination "Roedor won by resignation"]

1. d4 d5 2. Nf3 Nf6 3. c4 c6 4. Qb3 e6 5. Nc3 Be7 6. Bg5 O-O 7. e3 Qb6 8. c5 Qc7 9. Bf4 Qd7 10. h3 Re8 11.
Bd3 Na6 12. O-O Nc7 13. Qc2 b6 14. Ne5 Qd8 15. Nxc6 Qd7 16. Nxe7+ Qxe7 17. b4 Ba6 18. b5 Bb7 19. c6 Bc8 20. a4 Nh5 21. Bxh7+ Kh8 22. Be5 f6 23. Qg6 fxe5 24. Qxh5 g6 25.
Bxg6+ Kg7 26. Bxe8 Nxe8 27. Qxe5+ Nf6 28. Nxd5 Kf7 29. Nxe7 1-0

[Event "Late-Titled-Tuesday-Blitz-June-25-2024"]
[Site "Chess.com"]
[Date "2024.06.25"]
[Round "3"]
[White "Rsnr"]
[Black "tgpgoat"]
[Result "1-0"]
[WhiteElo "2853"]
[BlackElo "2512"]
[TimeControl "180+1"]
[EndTime "14:26:22 PDT"]
[Termination "Rsnr won by checkmate"]

1. b3 Nf6 2. Bb2 e6 3. Nf3 Be7 4. c4 d5 5. e3 O-O 6. Be2 c5 7. O-O Nc6 8. cxd5 exd5 9. d4 Ne4 10. dxc5 Bxc5 11. Nc3 Nxc3 12. Bxc3 Bg4 13. h3 Bxf3 14.
Bxf3 d4 15. exd4 Bxd4 16. Bxd4 Nxd4 17. Bxb7 Rb8 18. Be4 Qf6 19. Qg4 Rfd8 20. Rad1 g6 21. Rd3 Qa6 22. Qd1 Ne6 23. Bd5 Kg7 24. Qa1+ f6 25. Bc4 Qb6 26. Re3 Nd4 27. Re7+ Kh8 28. Qc1 Qc5 29. Rfe1 Qh5 30. Qf4 Rbc8 31. Qxf6# 1-0